 Dungeon Crawl Stone Soup version 0.19.4 (webtiles) character file.

308837 Mefis the Eclecticist (level 20, -4/107 HPs)
             Began as a Deep Elf Wizard on Feb 1, 2017.
             Was an Elder of Sif Muna.
             Splashed by an acid blob's acid (15 damage)
             ... on level 4 of the Pits of Slime.
             The game lasted 04:25:40 (59367 turns).

Mefis the Eclecticist (Deep Elf Wizard)            Turns: 59367, Time: 04:25:41

Health: -4/107     AC:  9    Str:  4    XL:     20   Next: 36%
Magic:  31/45      EV: 17    Int: 39    God:    Sif Muna [****..]
Gold:   280        SH: 13    Dex: 13    Spells: 11 memorised, 3 levels left

rFire  . . .     SeeInvis .     b - staff of energy
rCold  . . .     Gourm    .     t - +2 robe {Archmagi}
rNeg   . . .     Faith    .     g - +3 buckler {reflect}
rPois  .         Spirit   .     F - +2 hat
rElec  +         Reflect  +     y - +2 cloak {MR+}
rCorr  .         Harm     .     V - +2 pair of gloves
MR     +++++                    n - +0 pair of boots
Stlth  +++.......               o - +5 amulet of reflection
                                Y - ring "Gac Naiv" {rElec Str+2 Int+3}
                                M - ring of the Mage {Wiz MR++ Int+3}

@: tornado, corroded, flying (expiring), regenerating, studying Armour, deflect
missiles
A: mutation resistance 1, weak 1
a: Divine Energy, Channel Magic, Forget Spell, Renounce Religion
}: 2/15 runes: serpentine, barnacled


You were on level 4 of the Pits of Slime.
You worshipped Sif Muna.
Sif Muna was greatly pleased with you.
You were not hungry.

You visited 8 branches of the dungeon, and saw 39 of its levels.
You visited 1 bazaar.
You also visited: Ossuary.

You collected 4975 gold pieces.
You spent 4695 gold pieces at shops.

Inventory:

Hand Weapons
 a - the +4 rapier "Zeherom" {drain, rF++ MP+9 Str+3 Int+3}
   (You took it off a deep elf sorcerer on level 3 of the Elven Halls)

   A truly terrible weapon, it drains the life of those it strikes.
   It affects your strength (+3).
   It affects your intelligence (+3).
   It greatly protects you from fire.
   It affects your magic capacity (+9).
Missiles
 W - 10 throwing nets (quivered)
Armour
 g - a +3 buckler of reflection (worn)
 n - a +0 pair of boots (worn)
 t - a +2 robe of the Archmagi (worn)
 y - a +2 cloak of magic resistance (worn)
 F - a +2 hat (worn)
 V - a +2 pair of gloves (worn)
Magical Staves
 b - an uncursed staff of energy (weapon)
Rods
 i - a +9 rod of shadows (17/17)
   (You bought it in a shop on level 2 of the Orcish Mines)
Jewellery
 o - a +5 amulet of reflection (around neck)
 M - the ring of the Mage (left hand) {Wiz MR++ Int+3}
   (You bought it in a shop on level 2 of the Orcish Mines)

   [ring of wizardry]

   It improves your spell success rate.
   It affects your intelligence (+3).
   It affects your resistance to hostile enchantments.
 Y - the ring "Gac Naiv" (right hand) {rElec Str+2 Int+3}
   (You found it on level 11 of the Dungeon)

   [ring of intelligence]

   It affects your strength (+2).
   It affects your intelligence (+3).
   It insulates you from electricity.
Wands
 e - a wand of heal wounds (3/9)
 J - a wand of digging (7/24)
 S - a wand of iceblast (8/15)
Scrolls
 h - 11 scrolls of remove curse
 j - 2 scrolls of fog
 m - 3 scrolls of magic mapping
 v - 3 scrolls of blinking
 H - a scroll of summoning
 K - 6 scrolls of teleportation
 P - 5 scrolls of holy word
 R - 2 scrolls of immolation
Potions
 d - a potion of invisibility
 f - a potion of heal wounds
 l - 14 potions of curing
 x - 10 potions of haste
 z - 4 potions of magic
 A - 2 potions of resistance
 B - 5 potions of agility
 O - 7 potions of brilliance
Books
 c - a manual of Armour
Miscellaneous
 q - a lamp of fire
 u - a phial of floods
 N - a box of beasts
 U - a crystal ball of energy
 X - 2 sacks of spiders
 Z - 2 phantom mirrors
Comestibles
 r - 29 fruits
 C - 2 royal jellies
 D - 9 beef jerkies
 L - 13 bread rations
 T - 5 slices of pizza


   Skills:
 - Level 5.6 Fighting
 + Level 2.8 Armour
 - Level 9.4 Dodging
 - Level 5.0 Stealth
 - Level 3.8 Shields
 + Level 19.6 Spellcasting
 + Level 11.5 Conjurations
   Level 10.9 Hexes
 + Level 14.4 Charms
 * Level 3.9 Summonings
 + Level 15.3 Necromancy
 - Level 8.5 Translocations
   Level 9.5 Transmutations
 + Level 18.4 Air Magic
   Level 5.5 Earth Magic
   Level 2.0 Poison Magic
 - Level 8.5 Invocations
 - Level 4.3 Evocations


You had 3 spell levels left.
You knew the following spells:

 Your Spells              Type           Power        Failure   Level  Hunger
a - Orb of Destruction    Conj           ########..   3%          7    None
b - Spellforged Servitor  Conj/Summ      #######...   12%         7    None
c - Blink                 Tloc           N/A          1%          2    None
d - Tornado               Air            ########..   12%         9    None
i - Ozocubu's Armour      Chrm/Ice       #######.     1%          3    None
l - Death's Door          Chrm/Necr      ########..   4%          8    None
o - Shroud of Golubria    Chrm/Tloc      ########..   0%          2    None
p - Regeneration          Chrm/Necr      ########..   0%          3    None
s - Conjure Ball Lightni  Conj/Air       ########..   1%          6    None
u - Deflect Missiles      Chrm/Air       ########..   1%          6    None
x - Swiftness             Chrm/Air       ########     0%          2    None


Dungeon Overview and Level Annotations

Branches:
Dungeon (15/15)            Temple (1/1) D:4            Lair (6/6) D:10
 Shoals (4/4) Lair:2        Snake (4/4) Lair:4        Slime (4/5) Lair:5
    Orc (2/2) D:10            Elf (3/3) Orc:2        Vaults (0/5) D:13
 Depths (0/5) D:15

Altars:
Ashenzari
Cheibriados
Dithmenos
Elyvilon
Fedhas
Gozag
Hepliaklqana
Kikubaaqudgha
Makhleb
Nemelex Xobeh
Okawaru
Qazlal
Ru
Sif Muna
Trog
Uskayaw
Vehumet
Xom
Yredelemnul
Zin
The Shining One

Shops:
D:9 *   Orc:1 }!=[   Orc:2 :%}=   Elf:3 (![%   Shoals:2 ?   Shoals:3 [

Annotations:
D:4 Blork the orc
D:8 Britaniac's ghost, novice GrFi


Innate Abilities, Weirdness & Mutations

You are somewhat resistant to further mutation.
You are weak. (Str -2)


Message History

2 slime creatures come into view.
Unknown command.
Casting: Regeneration
Confirm with . or Enter, or press ? or * to list all spells.
You feel a surge of power!
Space distorts slightly along a thin shroud covering your body.
You kill the great orb of eyes!
Sif Muna accepts your kill.
You kill the slime creature!
Sif Muna accepts your kill. The acid blob hits you!!
You are splashed with acid!
The acid burns!
Your shroud falls apart!
The acid blob spits acid at you. The splash of acid hits you!
* * * LOW HITPOINT WARNING * * *
You are splashed with acid!
The acid burns!
* * * LOW HITPOINT WARNING * * *
The acid blob spits acid at you. The splash of acid hits you!
You are splashed with acid!
The acid burns!
You die...

.....# #......
.#.....##.......
................
#..§§§§§§§§§...
##.§§§§§§§§§...
.#..§§§§§§§§§...
....§§§§JJ§§§...
....§§§§@J§§#..
....§§§§§§J§§...
....§§§§§§§§§...
....§§§§§§J§§...
....§§§§§§§§§.#.
......#.J.......
.......J.J......
................
...............


You could see 2 acid blobs and 6 slime creatures.

Vanquished Creatures
  Vashnia (Snake:3)
  Nikola (Shoals:2)
  Rupert (D:14)
  2 deep elf master archers (Elf:3)
  2 deep elf blademasters
  5 acid blobs
  2 krakens (Shoals:3)
  Kirke (Shoals:1)
  Frances (Snake:1)
  Ilsuiw (Shoals:4)
  6 nagarajas (Snake:4)
  A fire giant (D:15)
  7 deep elf sorcerers
  Louise (D:15)
  A frost giant (Shoals:4)
  2 orc warlords (Orc:1)
  4 deep elf elementalists
  Nessos (D:15)
  4 deep elf demonologists
  Azrael (D:15)
  4 deep elf annihilators (Elf:3)
  3 merfolk javelineers (Shoals:4)
  Snorg (D:13)
  6 deep elf death magi
  A death ooze (Slime:2)
  15 merfolk impalers
  3 deep elf high priests
  2 great orbs of eyes
  Fannar (Lair:2)
  11 naga warriors
  6 hydras
  The ghost of shwouchk the Cleaver, a journeyman FoHu of Okawaru (D:11)
  7 anacondas
  A catoblepas (D:11)
  2 alligator snapping turtles (Shoals:4)
  6 merfolk aquamancers
  3 merfolk avatars
  28 dancing weapons
  2 satyrs (Shoals:3)
  3 centaur warriors
  An ogre mage (Orc:1)
  A death knight (D:13)
  A tengu warrior (D:15)
  A death yak (shapeshifter) (D:11)
  4 death yaks (Lair:2)
  5 shock serpents
  22 deep elf knights
  11 naga sharpshooters
  8 orc high priests
  5 skeletal warriors (D:14)
  4 salamander mystics
  15 sea snakes
  2 unseen horrors
  A flayed ghost (D:11)
  A wizard (D:9)
  Pikel (D:7)
  17 deep elf archers
  4 hill giants
  67 deep elf magi
  A naga ritualist (Snake:4)
  6 mana vipers
  4 shining eyes
  4 orc sorcerers
  An orc knight (Orc:2)
  An oklob plant (Lair:5)
  14 harpies
  3 ugly things
  2 wolf spiders (Lair:6)
  5 fauns
  12 salamanders
  14 manticores
  2 cyclopes
  59 slime creatures
  6 elephants
  Maurice (D:9)
  8 guardian serpents
  16 naga magi
  29 black mambas
  6 sirens
  9 water nymphs
  3 centaur zombies
  Joseph (Lair:1)
  An eye of devastation (Slime:1)
  12 spiny frogs
  A gargoyle (D:14)
  A rime drake (shapeshifter) (Elf:1)
  An efreet (D:15)
  4 freezing wraiths (D:13)
  5 rime drakes
  5 komodo dragons
  6 trolls
  3 tengu conjurers
  32 merfolk
  4 two-headed ogres
  A polar bear (Lair:5)
  17 blink frogs
  3 wind drakes
  A hornet (shapeshifter) (D:11)
  4 hornets
  Prince Ribbit (Lair:1)
  12 hippogriffs
  4 dream sheep (Lair:1)
  2 meliai zombies
  5 snapping turtles
  18 water elementals
  7 air elementals
  2 redbacks (Lair:6)
  A shadow (D:11)
  Sigmund (D:3)
  A spriggan (D:9)
  7 wyverns
  3 wraiths (D:15)
  50 yaks
  5 basilisks
  A steam dragon (D:12)
  A golden eye (shapeshifter) (D:15)
  4 fire elementals
  A human (Shoals:1)
  A hog (Shoals:1)
  A hungry ghost (D:11)
  11 vampire mosquitoes
  6 wargs
  2 insubstantial wisps (Lair:2)
  51 nagas
  3 mottled dragons
  A soldier ant (D:10)
  14 water moccasins
  3 hell hounds (D:15)
  7 porcupines
  A hornet zombie (D:15)
  3 ice beasts
  44 orc warriors
  3 sky beasts
  2 necrophages
  2 eyes of draining
  15 ogres
  3 phantoms
  16 centaurs
  8 wolves
  14 crocodiles
  3 big kobolds
  25 bullfrogs
  A gnoll sergeant (Orc:1)
  4 earth elementals
  A water moccasin zombie (Ossuary)
  A wyvern skeleton (D:8)
  2 scorpions
  13 killer bees
  7 wights
  A howler monkey (D:4)
  7 electric eels
  13 crimson imps
  4 quasits
  2 bullfrog zombies (D:6)
  6 human zombies (D:15)
  7 jellies
  2 gnoll shamans
  8 hounds
  25 orc priests
  30 orc wizards
  4 centaur skeletons
  5 iguanas
  2 hell rats (Lair:2)
  5 worker ants
  2 big kobold zombies (Ossuary)
  2 hound skeletons
  4 mummies
  A howler monkey zombie (D:9)
  13 gnolls
  14 adders
  A shadow imp (D:6)
  2 oozes (D:3)
  4 adder zombies
  2 adder skeletons
  3 dart slugs
  4 leopard geckos
  87 orcs
  3 ball pythons
  5 giant cockroaches
  11 goblins
  10 hobgoblins
  9 jackals
  25 kobolds
  4 quokkas
  5 bats
  3 frilled lizards
  2 gnoll zombies (Ossuary)
  8 hobgoblin zombies (Ossuary)
  A jackal zombie (D:5)
  4 kobold zombies (Ossuary)
  A leopard gecko zombie (D:5)
  8 orc zombies (Ossuary)
  A quokka skeleton (D:10)
  A quokka zombie (D:9)
  6 rats
  2 crawling corpses (Elf:3)
  3 fungi
  48 plants
1444 creatures vanquished.

Vanquished Creatures (collateral kills)
  A deep elf blademaster (Elf:3)
  A deep elf elementalist (Elf:3)
  A lindwurm (Lair:4)
  10 elephants
  A centaur zombie (D:14)
  2 spiny frogs (Lair:6)
  4 blink frogs
  A hornet (Lair:6)
  Grinder (D:4)
  2 slime creatures (Lair:5)
  4 yaks
  2 nagas (Lair:4)
  2 insubstantial wisps (Lair:2)
  5 water moccasins
  A porcupine (Lair:5)
  2 crocodiles
  2 bullfrogs
  3 electric eels
  2 jellies (Lair:5)
  An orc wizard (Orc:2)
  2 hell rats (Lair:2)
  3 worker ants
  3 gnolls (D:2)
  3 adders
  7 orcs
  A butterfly (Lair:4)
67 creatures vanquished.

Vanquished Creatures (others)
  A merfolk javelineer (Shoals:4)
  563 ball lightnings
  A siren (Shoals:1)
  A salamander (Snake:3)
  2 humans (Shoals:1)
  5 dream sheep (D:5)
  A slave (D:7)
  A killer bee (D:8)
  An electric eel (Elf:1)
  11 fungi
  41 plants
  4 tentacles (Shoals:3)
632 creatures vanquished.

Grand Total: 2143 creatures vanquished

Notes
Turn   | Place    | Note
-------+----------+-------------------------------------------
     0 | D:1      | Mefis the Deep Elf Wizard began the quest for the Orb.
     0 | D:1      | Reached XP level 1. HP: 10/10 MP: 7/7
   453 | D:1      | Reached XP level 2. HP: 15/15 MP: 9/9
   457 | D:1      | Learned a level 2 spell: Call Imp
   460 | D:1      | Learned a level 2 spell: Blink
   463 | D:1      | Learned a level 2 spell: Repel Missiles
  1342 | D:2      | Reached skill level 5 in Spellcasting
  1429 | D:2      | Reached XP level 3. HP: 19/19 MP: 11/11
  1434 | D:2      | Learned a level 3 spell: Mephitic Cloud
  1610 | D:2      | Reached skill level 1 in Air Magic
  1921 | D:2      | Reached skill level 1 in Poison Magic
  1929 | D:2      | Reached XP level 4. HP: 24/24 MP: 13/13
  1934 | D:2      | Learned a level 3 spell: Conjure Flame
  2523 | D:3      | Noticed Sigmund
  2537 | D:3      | Killed Sigmund
  2537 | D:3      | Reached skill level 6 in Spellcasting
  2537 | D:3      | Reached XP level 5. HP: 28/28 MP: 9/15
  2967 | D:3      | Found a shimmering altar of Xom.
  2970 | D:3      | Found an iron altar of Okawaru.
  2973 | D:3      | Found a bloodstained altar of Trog.
  3004 | D:3      | Reached XP level 6. HP: 32/32 MP: 17/17
  3008 | D:3      | Learned a level 2 spell: Slow
  3611 | D:4      | Found a sacrificial altar of Ru.
  3611 | D:4      | Noticed Blork the orc
  3621 | D:4      | Noticed Grinder
  3808 | D:4      | Reached skill level 1 in Hexes
  3865 | D:4      | Found a staircase to the Ecumenical Temple.
  3870 | Temple   | Entered the Ecumenical Temple
  3961 | Temple   | Became a worshipper of Sif Muna the Loreminder
  4204 | D:4      | Killed Grinder
  4204 | D:4      | Reached XP level 7. HP: 28/36 MP: 18/19
  4551 | D:5      | Entered Level 5 of the Dungeon
  4618 | D:5      | Found a sand-covered staircase.
  4647 | D:5      | Reached skill level 7 in Spellcasting
  4705 | Ossuary  | Entered an ossuary
  5095 | Ossuary  | Reached skill level 1 in Evocations
  5382 | Ossuary  | Reached skill level 1 in Invocations
  5745 | D:5      | Reached * piety under Sif Muna
  5795 | D:5      | Reached skill level 5 in Stealth
  6004 | D:5      | Found a shimmering altar of Xom.
  6004 | D:5      | Noticed a dream sheep
  6004 | D:5      | Noticed a dream sheep
  6004 | D:5      | Noticed a dream sheep
  6004 | D:5      | Noticed a dream sheep
  6004 | D:5      | Noticed a dream sheep
  6009 | D:5      | Killed a dream sheep
  6009 | D:5      | Killed a dream sheep
  6009 | D:5      | Killed a dream sheep
  6010 | D:5      | Killed a dream sheep
  6012 | D:5      | Killed a dream sheep
  6085 | D:5      | Reached XP level 8. HP: 41/41 MP: 21/21
  6422 | D:5      | Found a stormy altar of Qazlal.
  6793 | D:6      | Reached skill level 1 in Charms
  7570 | D:6      | Reached skill level 5 in Dodging
  7766 | D:6      | Reached skill level 8 in Spellcasting
  8274 | D:7      | Noticed Pikel
  8292 | D:7      | Killed Pikel
  8292 | D:7      | Reached ** piety under Sif Muna
  8496 | D:7      | Learned a level 5 spell: Lightning Bolt
  8499 | D:7      | Learned a level 2 spell: Swiftness
  8501 | D:7      | Learned a level 1 spell: Shock
  8538 | D:7      | Reached XP level 9. HP: 45/45 MP: 22/23
  8557 | D:7      | Reached skill level 9 in Spellcasting
  8972 | D:8      | Reached skill level 5 in Conjurations
  9221 | D:8      | Learned a level 3 spell: Static Discharge
 10077 | D:8      | Noticed Britaniac's ghost (novice GrFi)
 10685 | D:8      | Reached skill level 5 in Hexes
 10685 | D:8      | Reached skill level 5 in Air Magic
 10780 | D:9      | Found Zoasa Bauk's General Store.
 10801 | D:9      | Bought a scroll of identify for 28 gold pieces
 10801 | D:9      | Bought a potion of might for 56 gold pieces
 10832 | D:9      | Reached *** piety under Sif Muna
 11029 | D:9      | Reached skill level 10 in Spellcasting
 11129 | D:9      | Reached skill level 5 in Charms
 11129 | D:9      | Reached XP level 10. HP: 45/50 MP: 8/26
 11261 | D:9      | Noticed a cyan ugly thing
 11297 | D:9      | Killed a cyan ugly thing
 11672 | D:9      | Noticed Maurice
 11680 | D:9      | Killed Maurice
 11680 | D:9      | Reached skill level 1 in Fighting
 12232 | D:9      | Noticed a wizard
 12237 | D:9      | Killed a wizard
 12417 | D:9      | Learned a level 1 spell: Animate Skeleton
 12442 | D:10     | Entered Level 10 of the Dungeon
 12456 | D:10     | Reached **** piety under Sif Muna
 12787 | D:10     | Reached skill level 1 in Necromancy
 13019 | D:10     | Found a staircase to the Orcish Mines.
 13438 | D:10     | Found a staircase to the Lair.
 13739 | Lair:1   | Entered Level 1 of the Lair of Beasts
 13996 | D:10     | Got a scorched iron ring
 14012 | D:10     | Lost strength.
 14012 | D:10     | Identified the ring "Fumucun" {rElec rC+ Str-5 Stlth+} (You found it on level 10 of the Dungeon)
 14090 | D:10     | Reached skill level 5 in Invocations
 14090 | D:10     | Reached XP level 11. HP: 57/57 MP: 27/27
 14550 | D:11     | Noticed a green ugly thing
 14572 | D:11     | Killed a green ugly thing
 14588 | D:11     | Noticed a catoblepas
 14728 | Lair:1   | Noticed a seven-headed hydra
 14734 | Lair:1   | Reached skill level 11 in Spellcasting
 14741 | Lair:1   | Killed a seven-headed hydra
 14745 | Lair:1   | Noticed Joseph
 14935 | Lair:1   | Killed Joseph
 15311 | Lair:1   | Noticed Prince Ribbit
 15313 | Lair:1   | Killed Prince Ribbit
 16003 | Lair:2   | Found a staircase to the Shoals.
 16920 | Lair:2   | Noticed Fannar
 16965 | Lair:2   | Killed Fannar
 16965 | Lair:2   | Reached XP level 12. HP: 57/64 MP: 16/29
 16974 | Lair:2   | Noticed a five-headed hydra
 17024 | Lair:2   | Killed a five-headed hydra
 17253 | Lair:2   | Reached ***** piety under Sif Muna
 17253 | Lair:2   | Identified Efac's Grimoire of Cankerous Moulding (Sif Muna gifted it to you on level 2 of the Lair of Beasts)
 17253 | Lair:2   | Received a gift from Sif Muna
 17331 | Lair:2   | Learned a level 4 spell: Olgreb's Toxic Radiance
 17702 | Lair:2   | Got an ivory trident
 17703 | Lair:2   | Identified the +6 trident "Huogy" {venom, rPois Stlth+} (You found it on level 2 of the Lair of Beasts)
 18076 | Lair:3   | Noticed a seven-headed hydra
 18085 | Lair:3   | Killed a seven-headed hydra
 18272 | Lair:3   | Got a shimmering war axe
 18327 | Lair:3   | Identified the +5 war axe "Yjaiblah" {flame, rPois rF+ Str+2 Int+2} (You found it on level 3 of the Lair of Beasts)
 19066 | Lair:1   | Learned a level 2 spell: Passwall
 19742 | Lair:4   | Noticed an eight-headed hydra
 19748 | Lair:4   | Killed an eight-headed hydra
 19759 | Lair:4   | Reached skill level 1 in Earth Magic
 19981 | Lair:4   | Reached skill level 12 in Spellcasting
 20695 | Lair:4   | Found a staircase to the Snake Pit.
 21179 | Lair:5   | Reached XP level 13. HP: 47/70 MP: 1/31
 21342 | Lair:5   | Found a sparkling altar of Nemelex Xobeh.
 21575 | Lair:5   | Reached skill level 10 in Charms
 21750 | Lair:5   | Found a staircase to the Slime Pits.
 22331 | Lair:6   | Entered Level 6 of the Lair of Beasts
 22684 | Lair:6   | Reached skill level 1 in Shields
 22713 | Lair:6   | Reached skill level 10 in Air Magic
 23043 | Lair:6   | Learned a level 3 spell: Regeneration
 23047 | Lair:6   | Learned a level 2 spell: Shroud of Golubria
 23117 | Lair:6   | Reached skill level 5 in Necromancy
 24060 | Lair:6   | Reached skill level 10 in Hexes
 24277 | Lair:6   | Reached skill level 13 in Spellcasting
 24320 | Lair:6   | Identified Vehumet's Volume of Feathery Arcane Weapons
 24546 | Lair:6   | Reached XP level 14. HP: 76/76 MP: 31/33
 25146 | Orc:1    | Entered Level 1 of the Orcish Mines
 25147 | Orc:1    | Found Tudeesk's Armour Boutique.
 25151 | Orc:1    | Found Zaynor's Jewellery Emporium.
 25188 | Orc:1    | Bought an uncursed amulet of magic regeneration for 390 gold pieces
 25257 | Orc:1    | Noticed an orc warlord
 25266 | Orc:1    | Killed an orc warlord
 25266 | Orc:1    | Reached skill level 5 in Fighting
 25387 | Orc:2    | Entered Level 2 of the Orcish Mines
 25584 | Orc:2    | Reached skill level 5 in Earth Magic
 26821 | Orc:2    | Found Nuixtuff's Gadget Boutique.
 26821 | Orc:2    | Found Caymix's Jewellery Boutique.
 26822 | Orc:2    | Found Ucvoiczu's Food Shop.
 26825 | Orc:2    | Found Yrroac's Book Shop.
 26828 | Orc:2    | Bought a +0 rod of shadows (12/12) for 1020 gold pieces
 26909 | Orc:2    | Found a staircase to the Elven Halls.
 27226 | Orc:1    | Found Doacuot's Distillery.
 27226 | Orc:1    | Noticed an orc warlord
 27236 | Orc:1    | Killed an orc warlord
 27538 | Orc:1    | Bought a potion of berserk rage for 55 gold pieces
 27538 | Orc:1    | Bought a potion of flight for 33 gold pieces
 27538 | Orc:1    | Bought a potion of resistance for 110 gold pieces
 27538 | Orc:1    | Bought a potion of heal wounds for 55 gold pieces
 27538 | Orc:1    | Bought a potion of agility for 44 gold pieces
 27938 | Orc:1    | Found Vabrim's Gadget Emporium.
 28308 | Orc:2    | Bought the ring of the Mage {Wiz MR++ Int+3} for 878 gold pieces
 28805 | D:11     | Found a burning altar of Makhleb.
 28853 | D:11     | Got a crude steel ring
 28966 | D:11     | Noticed shwouchk's ghost (journeyman FoHu)
 28969 | D:11     | Killed shwouchk's ghost
 29181 | D:11     | Identified Etokenesk's Catalogue of the Shifting Glacier (Sif Muna gifted it to you on level 11 of the Dungeon)
 29181 | D:11     | Received a gift from Sif Muna
 29237 | D:11     | Learned a level 5 spell: Irradiate
 29657 | D:11     | Got a twitching granite ring
 29867 | D:11     | Identified the ring of the Snail {rPois rC+ MR+} (You found it on level 11 of the Dungeon)
 29869 | D:11     | Identified the ring "Gac Naiv" {rElec Str+2 Int+3} (You found it on level 11 of the Dungeon)
 30366 | Lair:1   | Learned a level 6 spell: Deflect Missiles
 30372 | Lair:1   | Learned a level 4 spell: Airstrike
 30685 | D:12     | Found a blossoming altar of Fedhas.
 30875 | D:12     | Reached skill level 14 in Spellcasting
 31397 | D:13     | Reached XP level 15. HP: 83/83 MP: 31/35
 31942 | D:13     | Noticed Snorg
 31949 | D:13     | Killed Snorg
 32314 | D:13     | Found a gate to the Vaults.
 32660 | D:14     | Noticed Rupert
 32662 | D:14     | Killed Rupert
 33670 | D:15     | Entered Level 15 of the Dungeon
 33683 | D:15     | Noticed a fire giant
 33687 | D:15     | Killed a fire giant
 33705 | D:15     | Noticed Louise
 33948 | D:15     | Killed Louise
 34133 | D:15     | Found a staircase to the Depths.
 34265 | D:15     | Noticed Azrael
 34273 | D:15     | Killed Azrael
 34275 | D:15     | Noticed Nessos
 34278 | D:15     | Killed Nessos
 34278 | D:15     | Reached skill level 5 in Translocations
 34750 | D:15     | Identified Sif Muna's Collected Works on Black Magic (Sif Muna gifted it to you on level 15 of the Dungeon)
 34750 | D:15     | Received a gift from Sif Muna
 35162 | D:15     | Found a basalt altar of Yredelemnul.
 35511 | Lair:1   | Identified a scroll of acquirement
 35578 | Lair:1   | Learned a level 6 spell: Conjure Ball Lightning
 35581 | Lair:1   | Learned a level 2 spell: Sublimation of Blood
 35830 | D:15     | Reached skill level 15 in Spellcasting
 36047 | Orc:2    | Reached skill level 1 in Transmutations
 36059 | Elf:1    | Entered Level 1 of the Elven Halls
 37081 | Elf:1    | Found a deep blue altar of Sif Muna.
 37253 | Elf:1    | Reached XP level 16. HP: 88/88 MP: 37/37
 37511 | Elf:1    | Identified the Catalogue of Curses and Heat
 37514 | Elf:1    | Got a smoking hand crossbow
 37515 | Elf:1    | Identified the cursed +3 hand crossbow of Grace {flame, Int+2} (You found it on level 1 of the Elven Halls)
 38040 | Elf:2    | Noticed an Executioner
 38456 | Elf:2    | Reached skill level 10 in Necromancy
 38790 | Elf:2    | Found a huge runed gate.
 38790 | Elf:2    | Found a huge runed gate.
 38790 | Elf:2    | Found a huge runed gate.
 38791 | Elf:2    | Found a huge runed gate.
 38791 | Elf:2    | Found a huge runed gate.
 39302 | Elf:3    | Entered Level 3 of the Elven Halls
 39302 | Elf:3    | Found Ipeariv's Antique Armour Emporium.
 39353 | Elf:3    | Found Uqoij's Distillery.
 39383 | Elf:3    | Reached skill level 5 in Transmutations
 39414 | Elf:3    | Reached skill level 16 in Spellcasting
 39436 | Elf:3    | Learned a level 5 spell: Summon Mana Viper
 39452 | Elf:3    | Noticed a deep elf blademaster
 39463 | Elf:3    | Killed a deep elf blademaster
 39491 | Elf:3    | Noticed a deep elf master archer
 39491 | Elf:3    | Killed a deep elf master archer
 39664 | Elf:3    | Noticed a deep elf blademaster
 39674 | Elf:3    | Killed a deep elf blademaster
 39691 | Elf:3    | Noticed a deep elf master archer
 39888 | Elf:3    | Found Hahal's Antique Weapon Shop.
 39899 | Elf:3    | Reached XP level 17. HP: 92/92 MP: 28/39
 40143 | Lair:1   | Learned a level 6 spell: Simulacrum
 40155 | Lair:1   | Learned a level 5 spell: Metabolic Englaciation
 40270 | Snake:1  | Entered Level 1 of the Snake Pit
 40373 | Snake:1  | Noticed Frances
 40384 | Snake:1  | Killed Frances
 40384 | Snake:1  | Reached skill level 15 in Air Magic
 41531 | Snake:2  | Found an ancient bone altar of Kikubaaqudgha.
 41969 | Snake:2  | Gained mutation: You are somewhat resistant to further mutation. [potion of beneficial mutation]
 41973 | Snake:2  | Got a crude wooden ring
 42624 | Lair:1   | Learned a level 6 spell: Poisonous Cloud
 42628 | Lair:1   | Learned a level 3 spell: Ignite Poison
 42804 | Lair:1   | Identified the ring of the Sky {rPois rN+} (You found it on level 2 of the Snake Pit)
 43101 | Snake:3  | Noticed Vashnia
 43240 | Snake:3  | Killed Vashnia
 43367 | Snake:3  | Reached skill level 17 in Spellcasting
 45288 | Snake:4  | Entered Level 4 of the Snake Pit
 45325 | Snake:4  | Found a flickering gateway to a bazaar.
 45331 | Bazaar   | Entered a bazaar
 45406 | Bazaar   | Found Puohoucw's Distillery.
 45438 | Bazaar   | Found Voutwir's Distillery.
 45461 | Bazaar   | Found Foepaqur's Gadget Shoppe.
 45490 | Bazaar   | Found Vuikh's Gadget Shoppe.
 45563 | Bazaar   | Bought 2 potions of heal wounds for 140 gold pieces
 45563 | Bazaar   | Bought a potion of haste for 140 gold pieces
 45563 | Bazaar   | Bought a potion of brilliance for 56 gold pieces
 45563 | Bazaar   | Bought a potion of heal wounds for 70 gold pieces
 45563 | Bazaar   | Bought a potion of curing for 42 gold pieces
 45563 | Bazaar   | Bought a potion of curing for 42 gold pieces
 45591 | Bazaar   | Bought a potion of agility for 64 gold pieces
 45591 | Bazaar   | Bought a potion of curing for 48 gold pieces
 45591 | Bazaar   | Bought a potion of heal wounds for 80 gold pieces
 45591 | Bazaar   | Bought a potion of resistance for 160 gold pieces
 45591 | Bazaar   | Bought a potion of haste for 160 gold pieces
 45591 | Bazaar   | Bought a potion of brilliance for 64 gold pieces
 46165 | Snake:4  | Reached XP level 18. HP: 66/97 MP: 8/41
 46686 | Snake:4  | Identified Sif Muna's Disquisition on Evil Boosts (Sif Muna gifted it to you on level 4 of the Snake Pit)
 46686 | Snake:4  | Received a gift from Sif Muna
 47365 | Snake:4  | Learned a level 7 spell: Orb of Destruction
 47914 | Snake:4  | Got a serpentine rune of Zot
 48212 | Lair:1   | Learned a level 3 spell: Ozocubu's Armour
 48220 | Lair:1   | Learned a level 5 spell: Yara's Violent Unravelling
 48459 | Elf:3    | Found Juojoc's Food Shoppe.
 48485 | Elf:3    | Reached skill level 18 in Spellcasting
 49107 | Elf:3    | Got a flickering zirconium amulet
 49119 | Elf:3    | Bought a potion of agility for 48 gold pieces
 49119 | Elf:3    | Bought a potion of haste for 120 gold pieces
 49119 | Elf:3    | Bought a potion of brilliance for 48 gold pieces
 49119 | Elf:3    | Bought a potion of haste for 120 gold pieces
 49119 | Elf:3    | Bought a potion of agility for 48 gold pieces
 49121 | Elf:3    | Identified the amulet of Ylublim {Faith rElec rPois Str+4} (You took it off a deep elf death mage on level 3 of the Elven Halls)
 49540 | Elf:3    | Got a wavering glass ring
 49738 | Elf:3    | Identified the ring of Quinn {*Tele +Blink rPois MP+9} (You took it off a deep elf elementalist on level 3 of the Elven Halls)
 49776 | Elf:3    | Identified the Grimoire of Hurtful Snow
 49778 | Elf:3    | Identified the Disquisition on Ashen Heat
 49925 | Elf:3    | Got a shimmering rapier
 49926 | Elf:3    | Identified the +3 rapier "Jaukh" {pierce, rElec Dex+3} (You found it on level 3 of the Elven Halls)
 50327 | Elf:3    | Got a brightly glowing rapier {drain}
 50328 | Elf:3    | Identified the +4 rapier "Zeherom" {drain, rF++ MP+9 Str+3 Int+3} (You took it off a deep elf sorcerer on level 3 of the Elven Halls)
 50346 | Elf:3    | Got a crude mace {speed}
 50347 | Elf:3    | Identified the cursed +0 mace "Mefis's Bane" {speed, Dex+2} (You took it off a deep elf mage on level 3 of the Elven Halls)
 50372 | Elf:3    | Got a scorched rapier {pierce}
 50373 | Elf:3    | Identified the +8 rapier "Giluo" {pierce, Dex+3 Stlth+} (You took it off a deep elf death mage on level 3 of the Elven Halls)
 51197 | Elf:2    | Identified Sif Muna's Reference Book on Hexes and the Voyage (Sif Muna gifted it to you on level 2 of the Elven Halls)
 51197 | Elf:2    | Received a gift from Sif Muna
 51217 | Elf:2    | Reached XP level 19. HP: 65/101 MP: 20/43
 51941 | Lair:1   | Learned a level 9 spell: Tornado
 52006 | Lair:1   | Learned a level 8 spell: Death's Door
 52128 | Shoals:1 | Entered Level 1 of the Shoals
 52132 | Shoals:1 | Noticed Kirke
 52135 | Shoals:1 | Killed Kirke
 53432 | Shoals:2 | Noticed Nikola
 53444 | Shoals:2 | Killed Nikola
 54055 | Shoals:2 | Found Iwkenk's Magic Scroll Shop.
 54064 | Shoals:2 | Bought a scroll of enchant armour for 135 gold pieces
 54064 | Shoals:2 | Bought a scroll of identify for 36 gold pieces
 54064 | Shoals:2 | Bought a scroll of identify for 36 gold pieces
 54064 | Shoals:2 | Bought a scroll of identify for 36 gold pieces
 54064 | Shoals:2 | Bought a scroll of identify for 36 gold pieces
 54064 | Shoals:2 | Bought a scroll of enchant armour for 135 gold pieces
 54064 | Shoals:2 | Bought a scroll of identify for 36 gold pieces
 54064 | Shoals:2 | Bought a scroll of amnesia for 63 gold pieces
 54064 | Shoals:2 | Bought a scroll of amnesia for 63 gold pieces
 54093 | Shoals:3 | Found Yrillint's Armour Shop.
 54325 | Shoals:3 | Reached skill level 10 in Conjurations
 54983 | Shoals:3 | Reached skill level 19 in Spellcasting
 55251 | Shoals:3 | Found a shimmering altar of Xom.
 55609 | Shoals:4 | Entered Level 4 of the Shoals
 55647 | Shoals:4 | Noticed Ilsuiw
 55653 | Shoals:4 | Killed Ilsuiw
 56366 | Shoals:4 | Reached skill level 15 in Necromancy
 56473 | Shoals:4 | Identified Sif Muna's Almanac of Good Luck and Shape Shifting (Sif Muna gifted it to you on level 4 of the Shoals)
 56473 | Shoals:4 | Received a gift from Sif Muna
 56614 | Shoals:4 | Reached XP level 20. HP: 63/107 MP: 23/45
 57218 | Shoals:4 | Got a barnacled rune of Zot
 57519 | Lair:1   | Learned a level 7 spell: Spellforged Servitor
 57687 | Slime:1  | Entered Level 1 of the Pits of Slime
 57916 | Slime:1  | Gained mutation: You are weak. (Str -2) [a shining eye]
 58323 | Slime:2  | Reached skill level 1 in Armour
 59367 | Slime:4  | Splashed by an acid blob's acid

Skill      XL: |  1  2  3  4  5  6  7  8  9 10 11 12 13 14 15 16 17 18 19 20 |
---------------+-------------------------------------------------------------+-----
Spellcasting   | 5 6 7 8 10 11 12 13 14 15 16 17 18 19 | 19.6
Stealth        | 3 4 5 |  5.0
Air Magic      | 1 2 3 5 6 8 9 10 11 13 14 16 17 18 | 18.4
Dodging        | 3 4 5 6 7 9 |  9.4
Poison Magic   | 1 2 |  2.0
Conjurations   | 2 3 4 5 6 7 8 9 11 | 11.5
Hexes          | 1 3 4 5 6 7 9 10 | 10.9
Evocations     | 1 2 3 4 |  4.3
Invocations    | 1 2 4 5 6 7 8 |  8.5
Charms         | 3 5 6 8 9 10 11 12 14 | 14.4
Fighting       | 2 3 4 5 |  5.6
Necromancy     | 1 3 4 5 7 9 10 12 13 15 | 15.3
Earth Magic    | 1 4 5 |  5.5
Shields        | 2 3 |  3.8
Translocations | 2 6 8 |  8.5
Transmutations | 2 5 7 9 |  9.5
Summonings     | 3 |  3.9
Armour         | 2 |  2.8

Action                   |  1- 3 |  4- 6 |  7- 9 | 10-12 | 13-15 | 16-18 | 19-21 || total
-------------------------+-------+-------+-------+-------+-------+-------+-------++-------
Melee: Spear             |     6 |    13 |    39 |       |       |       |       ||    58
       Hand axe          |       |       |     5 |       |       |       |       ||     5
       Whip              |       |       |     4 |       |       |       |       ||     4
       Dagger            |       |       |       |    19 |       |       |       ||    19
       War axe           |       |       |       |     7 |    38 |     3 |       ||    48
       Trident           |       |       |       |     2 |       |       |       ||     2
       Staff             |       |       |       |       |       |     1 |       ||     1
 Cast: Magic Dart        |    88 |   106 |   228 |   181 |    52 |       |       ||   655
       Repel Missiles    |     1 |     1 |       |       |     1 |       |       ||     3
       Call Imp          |     3 |    11 |     1 |       |       |       |       ||    15
       Mephitic Cloud    |       |     4 |    17 |    17 |    12 |     1 |       ||    51
       Conjure Flame     |       |     3 |    14 |    13 |     1 |       |       ||    31
       Slow              |       |     2 |       |     9 |     4 |       |       ||    15
       Blink             |       |       |     2 |     3 |     7 |    14 |     2 ||    28
       Shock             |       |       |    87 |    52 |    42 |       |       ||   181
       Lightning Bolt    |       |       |    19 |   232 |   511 |   206 |       ||   968
       Animate Skeleton  |       |       |       |    36 |   115 |       |       ||   151
       Static Discharge  |       |       |       |     3 |       |       |       ||     3
       Olgreb's Toxic Ra |       |       |       |     1 |    25 |       |       ||    26
       Airstrike         |       |       |       |       |   145 |    99 |       ||   244
       Regeneration      |       |       |       |       |     9 |    44 |    25 ||    78
       Shroud of Golubri |       |       |       |       |     5 |     9 |     4 ||    18
       Deflect Missiles  |       |       |       |       |     3 |     4 |       ||     7
       Swiftness         |       |       |       |       |     1 |     3 |       ||     4
       Conjure Ball Ligh |       |       |       |       |       |   141 |    69 ||   210
       Irradiate         |       |       |       |       |       |     5 |       ||     5
       Sublimation of Bl |       |       |       |       |       |     5 |       ||     5
       Summon Mana Viper |       |       |       |       |       |     5 |       ||     5
       Poisonous Cloud   |       |       |       |       |       |    14 |       ||    14
       Simulacrum        |       |       |       |       |       |    11 |       ||    11
       Ignite Poison     |       |       |       |       |       |    10 |       ||    10
       Metabolic Englaci |       |       |       |       |       |     8 |       ||     8
       Orb of Destructio |       |       |       |       |       |    58 |   110 ||   168
       Yara's Violent Un |       |       |       |       |       |     3 |       ||     3
       Ozocubu's Armour  |       |       |       |       |       |     1 |       ||     1
       Tornado           |       |       |       |       |       |       |    31 ||    31
Invok: Channel Magic     |       |       |       |    11 |    24 |    15 |     6 ||    56
       Divine Energy     |       |       |       |     1 |     1 |       |       ||     2
       Stop Divine Energ |       |       |       |     1 |     1 |       |       ||     2
       Forget Spell      |       |       |       |       |     5 |     7 |     5 ||    17
 Abil: Evoke Flight      |       |       |       |       |     2 |     2 |       ||     4
Evoke: Phial of floods   |       |       |       |     1 |       |     2 |       ||     3
       Rod               |       |       |       |       |     2 |     6 |       ||     8
       Wand              |       |       |       |       |       |     4 |       ||     4
  Use: Scroll            |       |     1 |    13 |     2 |    22 |    20 |     1 ||    59
       Potion            |       |       |     1 |       |     2 |     5 |     5 ||    13
 Stab: Distracted        |       |     1 |       |       |       |       |       ||     1
       Confused          |       |     1 |       |       |       |       |       ||     1
       Sleeping          |       |       |       |     1 |       |       |       ||     1
  Eat: Chunk             |     3 |     6 |    18 |    30 |    39 |    22 |    29 ||   147
       Meat ration       |       |       |     1 |     2 |     4 |     5 |       ||    12
       Fruit             |       |       |       |       |     1 |     2 |       ||     3
       Bread ration      |       |       |       |       |       |     2 |     2 ||     4
Armor: Robe              |     2 |     3 |    13 |    41 |    42 |    26 |     8 ||   135
Dodge: Dodged            |     9 |    15 |    40 |   141 |   137 |   136 |    53 ||   531
       Deflected         |       |     1 |     4 |     5 |    23 |    61 |    24 ||   118
Block: Buckler           |       |       |       |       |    16 |    79 |    64 ||   159
       Reflection        |       |       |       |       |     1 |    32 |    20 ||    53
